 Dungeon Crawl Stone Soup version 0.18-a0-750-g37044d6 (webtiles) character file.

181 velleities the Grave Robber (level 5, -1/30 HPs)
             Began as a Deep Elf Necromancer on Dec 11, 2015.
             Slain by Crazy Yiuf
             ... wielding a +2 quarterstaff of chaos
              (3 damage)
             ... on level 3 of the Dungeon.
             The game lasted 00:03:12 (2062 turns).

velleities the Grave Robber (Deep Elf Necromancer)  Turns: 2062, Time: 00:03:12

Health: -1/30      AC:  4    Str:  5    XL:     5   Next: 34%
Magic:  11/11      EV: 13    Int: 21    God:
Gold:   94         SH:  0    Dex: 15    Spells: 1 memorised, 9 levels left

rFire  . . .     SeeInvis .     e - +0 dagger (venom)
rCold  . . .     Clarity  .     a - +0 robe
rNeg   . . .     SustAt   .     (no shield)
rPois  .         Gourm    .     (no helmet)
rElec  .         Spirit   .     (no cloak)
rCorr  .         Dismiss  .     j - +0 pair of gloves
rMut   .         Stasis   .     (no boots)
MR     .....                    (no amulet)
Stlth  ++........               (no ring)
                                (no ring)

@: not resistant to hostile enchantments, unstealthy
A: rugged brown scales 1
a: no special abilities


You were on level 3 of the Dungeon.
You were not hungry.

You visited 1 branch of the dungeon, and saw 3 of its levels.

You collected 94 gold pieces.

Inventory:

Hand Weapons
 e - a +0 dagger of venom (weapon)
Armour
 a - a +0 robe (worn)
 g - a troll hide {Purgy}
 j - a +0 pair of gloves (worn)
Scrolls
 d - a scroll of recharging
 h - 5 scrolls of remove curse
 l - 4 scrolls of magic mapping
 n - a scroll of identify
Potions
 m - a potion of ambrosia
Books
 b - a book of Necromancy

   Spells                             Type                      Level
   a - Pain                           Necromancy                   1
   b - Animate Skeleton               Necromancy                   1
   c - Vampiric Draining              Necromancy                   3
   d - Regeneration                   Charms/Necromancy            3
   e - Animate Dead                   Necromancy                   4
   f - Control Undead                 Necromancy                   4
 k - a book of Clouds

   Spells                             Type                      Level
   a - Mephitic Cloud                 Conjuration/Poison/Air       3
   b - Conjure Flame                  Conjuration/Fire             3
   c - Poisonous Cloud                Conjuration/Poison/Air       6
   d - Freezing Cloud                 Conjuration/Ice/Air          6
   e - Ring of Flames                 Charms/Fire                  7
Comestibles
 f - a bread ration
 i - a beef jerky


   Skills:
 + Level 2.1 Fighting
 * Level 3.2 Short Blades
 - Level 2.4 Dodging
 - Level 2.4 Stealth
 - Level 3.1 Spellcasting
 + Level 5.7 Necromancy


You had 9 spell levels left.
You knew the following spells:

 Your Spells              Type           Power        Failure   Level  Hunger
a - Pain                  Necr           ####         1%          1    None


Dungeon Overview and Level Annotations

Branches:
Dungeon (3/15)

Altars:
Ashenzari

Annotations:
D:3 Crazy Yiuf


Innate Abilities, Weirdness & Mutations

You are partially covered in rugged brown scales (AC +1, +3% HP).


Message History

You see here a bat corpse.
Found a mace.
Crazy Yiuf the Enlightened comes into view.
He is wielding a quarterstaff of chaos.
Crazy Yiuf is nearby!
Crazy Yiuf is nearby!
Crazy Yiuf shouts!
Crazy Yiuf hits you with a quarterstaff of chaos.
You hit Crazy Yiuf but do no damage. You hit Crazy Yiuf but do no damage.
Crazy Yiuf barely misses you.
You hit Crazy Yiuf but do no damage.
Crazy Yiuf whimpers, "Lay!"
Crazy Yiuf hits you with a quarterstaff of chaos!
Crazy Yiuf burns you.
* * * LOW HITPOINT WARNING * * *
You are too injured to fight recklessly!
You barely miss Crazy Yiuf.
Crazy Yiuf hits you with a quarterstaff of chaos!
* * * LOW HITPOINT WARNING * * *
Crazy Yiuf freezes you.
You die...

###.##########.#
##.###.##
#..........†...#
#.## #.###
##....###.#######
##.###..... ##....#
### ####.#.#.###
##....# #.........##
......##♣♣♣♣♣
#.###.##....
##.#.#....♣.♣♣♣#####
# #.......
#.#.......♣..♣#...#
####....
#.#......♣♣♣♣..@g.#
..... #.......♣♣
♣♣#..)# ###..
###.###♣♣ ##### ###
#. #. #.


You could see Crazy Yiuf.

Vanquished Creatures
  Purgy (D:3)
  A crimson imp (D:3)
  An ooze (D:2)
  A worm (D:2)
  A giant gecko (D:1)
  3 ball pythons
  5 bats
  5 goblins
  7 hobgoblins
  8 kobolds
  3 giant newts (D:3)
  A quokka (D:2)
  4 rats
41 creatures vanquished.

Notes
Turn   | Place    | Note
--------------------------------------------------------------
     0 | D:1      | velleities the Deep Elf Necromancer began the quest for the Orb.
     0 | D:1      | Reached XP level 1. HP: 10/10 MP: 6/6
   199 | D:1      | Reached skill level 5 in Necromancy
   238 | D:1      | Reached XP level 2. HP: 16/16 MP: 8/8
   265 | D:1      | Reached skill level 1 in Fighting
   513 | D:2      | Found a shattered altar of Ashenzari.
   790 | D:2      | Reached skill level 1 in Short Blades
   841 | D:2      | Reached XP level 3. HP: 6/20 MP: 9/9
  1707 | D:3      | Gained mutation: You are partially covered in rugged brown scales (AC +1, +3% HP). [potion of beneficial mutation]
  1721 | D:3      | Reached XP level 4. HP: 22/26 MP: 10/10
  1740 | D:3      | Noticed Purgy
  1763 | D:3      | Killed Purgy
  1763 | D:3      | Reached XP level 5. HP: 10/30 MP: 11/11
  2054 | D:3      | Noticed Crazy Yiuf
  2062 | D:3      | Slain by Crazy Yiuf

Vault maps used:
D:1:      dpeg_arrival_shelter, minmay_cupped
D:2:      mumra_celtic_spiral_tile, ashenzari_altar_1, serial_bayou_pond_e
D:3:      first_bread, uniq_purgy, uniq_iyjb, uniq_crazy_yiuf_cottage

Action                   |  1- 3 |  4- 6 || total
-------------------------+-------+-------++-------
Melee: Dagger            |   150 |    24 ||   174
 Cast: Pain              |     2 |       ||     2
  Use: Potion            |     6 |       ||     6
       Scroll            |       |     6 ||     6
 Stab: Sleeping          |     8 |     3 ||    11
  Eat: Bread ration      |     1 |       ||     1
